 Dungeon Crawl Stone Soup version 0.24-a0-789-g35933f4 (webtiles) character file.

Game seed: 1961362398524754291, levelgen mode: deterministic

84 DrEnzyme the Covered (level 4, -3/40 HPs)
             Began as a Ghoul Wanderer on Oct 10, 2019.
             Slain by a wyvern (5 damage)
             ... on level 3 of the Dungeon.
             The game lasted 00:06:15 (1681 turns).

DrEnzyme the Covered (Ghoul Wanderer)               Turns: 1681, Time: 00:06:16

Health: -3/40      AC: 10    Str: 16    XL:     4   Next: 46%
Magic:  4/4        EV:  9    Int:  5    God:
Gold:   107        SH:  0    Dex: 10    Spells: 3/3 levels left

rFire    . . .     SeeInvis .   a - +2 dagger (venom)
rCold    + . .     Gourm    .   (no shield)
rNeg     + + +     Faith    .   b - +2 scale mail
rPois    ∞         Spirit   .   q - +0 helmet
rElec    .         Reflect  .   (no cloak)
rCorr    .         Harm     .   (no gloves)
MR       .....                  (no boots)
Stlth    ..........             (no amulet)
HPRegen  0.00/turn              (no ring)
MPRegen  0.09/turn              (no ring)

@: rotting
A: rotting body, claws 1, carnivore, cold resistance 1, negative energy
resistance 3, inhibited regeneration, torment resistance, unbreathing
a: no special abilities


You were on level 3 of the Dungeon.
You were not hungry.

You visited 1 branch of the dungeon, and saw 3 of its levels.

You collected 107 gold pieces.

Inventory:

Hand Weapons
 a - a +2 dagger of venom (weapon)
 g - a +0 hand axe
Armour
 b - a +2 scale mail (worn)
 d - a +0 plate armour
 n - a +0 pair of gloves
 q - a +0 helmet (worn)
Jewellery
 p - a +2 ring of intelligence {unknown}
Wands
 v - a wand of polymorph (6)
Scrolls
 k - 2 scrolls of noise
 m - 2 scrolls of remove curse
 o - a scroll of enchant weapon
 s - a scroll of fog
Potions
 c - 2 potions of curing
 l - a potion of invisibility {unknown}
 t - a potion of haste {unknown}
Comestibles
 f - 7 rations
 h - 5 chunks of flesh


   Skills:
 * Level 4.1 Fighting
 - Level 1.0 Axes
 + Level 4.3 Armour
 + Level 0.1 Dodging
 * Level 0.5 Stealth
 * Level 2.0 Unarmed Combat
 + Level 1.7 Evocations


You had 3 spell levels left.
You didn't know any spells.
Your spell library was empty.

Dungeon Overview and Level Annotations

Branches:
Dungeon (3/15)

Altars:


Innate Abilities, Weirdness & Mutations

Your body is rotting away.
You thrive on raw meat.
You are immune to poison.
You have sharp fingernails.
You are carnivorous and can eat meat at any time.
Your flesh is cold resistant. (rC+)
You are immune to negative energy. (rN+++)
You do not regenerate when monsters are visible.
You are immune to unholy pain and torment.
You can survive without breathing.


Message History

As you read the scroll labeled ZIFALE MAITAO, it crumbles to dust.
It is a scroll of amnesia.
You feel forgetful for a moment. The wyvern bites you.
The rat completely misses you.
As you read the scroll labeled JILABL EMIWNUQE, it crumbles to dust.
You feel aware of your surroundings.
It was a scroll of magic mapping.
The wyvern bites you! The rat barely misses you.
The wyvern bites you but does no damage.
As you read the scroll labeled VID EZ RANUORO, it crumbles to dust.
The creatures around you are filled with an inner flame!
It was a scroll of immolation.
The wyvern bites you.
* * * LOW HITPOINT WARNING * * *
The rat completely misses you.
Okay, then.
It was a potion of berserk rage.
You cannot raise a blood rage in your lifeless body.
The wyvern bites you!
* * * LOW HITPOINT WARNING * * *
The rat closely misses you. The wyvern bites you.
You die...

.## #.# ##..#.#..)..#* *,*≈*, .#
#.# #.....###....# ***≈** .#
#.######.........#..#** **** .#
#.#.........#####.....#****, ##
#.#......)..# *..#....,,,*
#.#.........#**##........***
#.#.........##.....##....,,,
*,#..............#.#*#...,,,
*****,#........@##..##,* *,,,,,,
**,,,,,........lr#*,##*,***,,,,,*
*,,***,#........w#*,*,,,,,,,,,*,,
,,***,,...........,,,,*,*,*,,,***
,,,,,<,*....#.....,,,**,,,*,,,* *
,,****,,,####......,,***,,*****
*** *,,** #......,,* **,* ****
#.......,* *** *,,,,,,,,*


You could see a wyvern (inner flame), a dart slug (inner flame) and a rat (inner
flame).

Vanquished Creatures
  A gnoll (D:1)
  3 adders
  2 oozes (D:3)
  A leopard gecko (D:1)
  8 bats
  A giant cockroach (D:1)
  3 goblins
  6 hobgoblins
  5 frilled lizards
  5 kobolds
  7 rats
42 creatures vanquished.

Notes
Turn   | Place    | Note
-------+----------+-------------------------------------------
     0 | D:1      | DrEnzyme the Ghoul Wanderer began the quest for the Orb.
     0 | D:1      | DrEnzyme set off with the following items: a +0 hand axe, a
                  | +2 scale mail, a potion of curing, a ration
     0 | D:1      | Reached XP level 1. HP: 19/19 MP: 1/1
   224 | D:1      | Reached skill level 1 in Unarmed Combat
   224 | D:1      | Reached XP level 2. HP: 16/26 MP: 2/2
   422 | D:1      | Reached XP level 3. HP: 33/33 MP: 3/3
  1523 | D:3      | Reached XP level 4. HP: 35/39 MP: 4/4
  1672 | D:3      | Noticed a wyvern
  1681 | D:3      | HP: 2/40 [wyvern (10)]
  1681 | D:3      | Slain by a wyvern

Levels and vault maps discovered:
D:1:      psy_arrival_terrarium, layout_basic, palyth_stone_intersect,
          hangedman_abyss_or_decor_lesser_grid
D:2:      layout_basic
D:3:      layout_rooms, chequers_serial_rivers_micro_a

Skill      XL: |  1  2  3  4 |
---------------+-------------+-----
Unarmed Combat | 1 2 |  2.0
Fighting       | 4 |  4.1
Armour         | 4 |  4.3
Axes           | |  1.0
Dodging        | |  0.1
Stealth        | |  0.5
Evocations     | |  1.7

Action                   |  1- 3 |  4- 6 || total
-------------------------+-------+-------++-------
Melee: Hand axe          |    31 |       ||    31
       Dagger            |    71 |    38 ||   109
       Punch             |     1 |       ||     1
  Use: Scroll            |       |     7 ||     7
       Potion            |       |     1 ||     1
  Eat: Chunk             |     9 |     4 ||    13
Armor: Scale mail        |    48 |    28 ||    76
Dodge: Dodged            |    52 |    30 ||    82

Table legend:
 A = Non-vault XP
 B = Vault XP
 C = Vault XP percentage of total XP
 D = Non-vault monster count
 E = Vault monster count
 F = Vault count percentage of total count
                 A         B        C        D         E       F
            +---------+---------+-------+---------+---------+-------
      Total |     121 |       0 |   0.0 |      42 |       0 |   0.0
            +---------+---------+-------+---------+---------+-------
        D:1 |      43 |       0 |   0.0 |      19 |       0 |   0.0
        D:2 |      27 |       0 |   0.0 |      10 |       0 |   0.0
        D:3 |      51 |       0 |   0.0 |      13 |       0 |   0.0
            +---------+---------+-------+---------+---------+-------
